AoeStats
← Pr Hapi

Arabia

510138424Analyzed
1v1 RM · 4d ago on Sep 29, 2026· 39m 34s· 2 players
Game mode
Random Map
Map size
Tiny (2 player)
Population
200
Speed
Normal
Resources
Standard
Victory
Conquest
Starting age
Dark Age
Ending age
Imperial Age
RankedLock teamsTeams togetherTeam positionsShared explorationLock speedFull tech treeHidden civsTurbo modeCheats
Victory
Defeat
🇪🇸 Franks · Spain
931
+16
🇫🇮 Portuguese · Finland
925
-22
Pr Hapi
11:13 Feudal Age
11:10 Loom
12:46 Horse Collar
13:15 Double-Bit Axe
16:13 Scale Mail Armor
20:10 Castle Age
20:56 Pikeman
21:54 Chain Mail Armor
23:58 Bow Saw
24:29 Forging
25:35 Wheelbarrow
27:00 Iron Casting
26:47 Hand Cart
32:13 Padded Archer Armor
32:05 Fletching
32:24 Heavy Plow
33:05 Gold Mining
37:38 Imperial Age
35:10 Bodkin Arrow
36:24 Scale Barding Armor
37:47 Halberdier
39:01 Plate Mail Armor
[MNKD] POLVORAAA
7:26 Loom
10:09 Feudal Age
10:36 Double-Bit Axe
19:45 Castle Age
18:32 Scale Barding Armor
18:46 Forging
18:58 Gold Mining
21:38 Chain Barding Armor
21:36 Bow Saw
21:45 Husbandry
24:41 Iron Casting
28:32 Wheelbarrow
29:31 Scale Mail Armor
32:55 Imperial Age
30:48 Chain Mail Armor
33:12 Cavalier
34:29 Plate Barding Armor
34:58 Plate Mail Armor
36:46 Blast Furnace
35:51 Elite Throwing Axeman
37:07 Squires
Connection lost

Rejoining the realm…

Still unreachable

The connection could not be restored.

Session expired

The server has moved on; the page needs a fresh start.